 Seeded DCSS version 0.29.1-15-g9cfb28693d (webtiles) character file.

Game seed: 6320845443627075161 (custom seed)

67 Psyclone the Firebug (level 3, -3/19 HPs)
             Began as a Deep Elf Fire Elementalist on Sept 23, 2023.
             Blown up by Ijyb (8 damage)
             ... with a mindburst bolt
             ... on level 4 of the Dungeon.
             The game lasted 00:05:29 (2226 turns).

Psyclone the Firebug (Deep Elf Fire Elementalist)   Turns: 2226, Time: 00:05:30

Health: -3/19      AC:  3    Str:  5    XL:     3   Next: 98%
Magic:  4/19       EV: 12    Int: 21    God:
Gold:   124        SH:  0    Dex: 15    Spells: 2/9 levels left

rFire   . . .      SeeInvis .   b - +3 short sword
rCold   . . .      Faith    .   (no shield)
rNeg    . . .      Spirit   .   i - +0 robe
rPois   .          Reflect  .   p - +1 hat {Stlth+}
rElec   .          Harm     .   (no cloak)
rCorr   .          Rampage  .   (no gloves)
Will    .....                   (no boots)
Stlth   +++.......              (no amulet)
HPRegen 0.06/turn               n - ring of magical power
MPRegen 0.16/turn               (no ring)

@: freezing walls
A: no striking features
a: no special abilities


You were on level 4 of the Dungeon.
You visited 1 branch of the dungeon, and saw 4 of its levels.

You collected 124 gold pieces.

Inventory:

Hand Weapons
 b - a +3 short sword (weapon)
 c - a +0 dagger
Armour
 i - a +0 robe (worn)
 p - a +1 hat of stealth (worn)
Magical Staves
 a - a staff of air
Jewellery
 f - the amulet "Ryphett" {RegenMP rC- rN+++ Int+3}
   (You acquired it on level 2 of the Dungeon)

   [amulet of magic regeneration]

   It increases your rate of magic regeneration.
   Int:       It affects your intelligence (+3).
   rC:        It makes you vulnerable to cold.
   rN:        It renders you almost immune to negative energy.
 n - a ring of magical power (left hand)
Wands
 q - a wand of flame (13)
Scrolls
 h - 2 scrolls of teleportation {unknown}
 k - 2 scrolls of magic mapping {unknown}
 m - a scroll of identify {unknown}
 o - 2 scrolls of vulnerability {unknown}
Potions
 d - 2 potions of curing {unknown}
 e - 2 potions of flight {unknown}
 g - a potion of haste {unknown}
 j - a potion of brilliance {unknown}
 l - a potion of resistance {unknown}
 r - a potion of magic


   Skills:
 - Level 2.4 Dodging
 - Level 2.4 Stealth
 + Level 3.5 Spellcasting
 - Level 1.1 Conjurations
 + Level 3.6 Fire Magic
 + Level 3.3 Ice Magic


You had 2 spell levels left.
You knew the following spells:

 Your Spells              Type           Power      Damage    Failure   Level
a - Foxfire               Conj/Fire      52%        2x1d6     4%          1
b - Frozen Ramparts       Ice            34%        1d6       10%         3
c - Conjure Flame         Conj/Fire      13%        6-21      14%         3

Your spell library contained the following spells:

 Spells                   Type           Power      Damage    Failure   Level
 Freeze                   Ice            68%        1d8       3%          1
 Scorch                   Fire           36%        2d6       4%          2
 Inner Flame              Hex/Fire       11%        N/A       19%         3
 Flame Wave               Conj/Fire      13%        2d6       43%         4
 Hailstorm                Conj/Ice       13%        3d5       45%         4


Dungeon Overview and Level Annotations

Branches:
Dungeon (3/15) Zot: 21776

Altars:

Shops:
D:2 :

Annotations:
D:4 Ijyb


Message History

Ijyb is lightly wounded.
The wall freezes Ijyb but does no damage.
You now have 8/19 mp.
You barely miss Ijyb.
The foxfire hits Ijyb but does no damage. x2
The foxfire hits Ijyb.
Ijyb is lightly wounded.
The wall freezes Ijyb but does no damage.
Ijyb barely misses you.
You hit Ijyb but do no damage.
Ijyb is lightly wounded.
The frozen ramparts melt away.
Ijyb zaps a wand.
Your mind is blasted!
Ouch! That really hurt!
You take 13 damage, and have 6/19 hp.
MASSIVE DAMAGE!!
Casting: Foxfire (safe; 4% risk of failure)
Confirm with . or Enter, or press ? or * to list all spells.
The spell is extremely dangerous to miscast (10% risk of failure)!
Continue anyway?
Casting: Frozen Ramparts (extremely dangerous; 10% risk of failure)
Press: ? - help, Dir - look around, f - activate The walls around you are covered in ice.
The wall freezes Ijyb but does no damage.
Ijyb hits you but does no damage.
You now have 5/19 mp.
Casting: Frozen Ramparts (extremely dangerous; 10% risk of failure)
Confirm with . or Enter, or press ? or * to list all spells.
You conjure some foxfire!
The wall freezes Ijyb but does no damage.
Ijyb hits you with a +0 club.
* * * LOW HITPOINT WARNING * * *
You take 1 damage, and have 5/19 hp.
Casting: Foxfire (safe; 4% risk of failure)
Confirm with . or Enter, or press ? or * to list all spells.
You conjure some foxfire!
The foxfire hits Ijyb but does no damage.
Ijyb is lightly wounded.
The foxfire hits Ijyb.
Ijyb is moderately wounded.
The wall freezes Ijyb but does no damage.
Ijyb zaps a wand.
Your mind is blasted!
You die...

#.#.###..#
#.#.#.###.##
#.#.#.#...#
#.#.#...###
#.#.#..## .v
#.#.#).# ...§
#.#.#..#
....)##.#.#..#
.....†g@#.#..#
.....##)v.#..#
... #.#...## .
#.#...#
#.#>#.#
#.###.# #.#
... #.# #.##
#. ...


You could see Ijyb (ally target).

Vanquished Creatures
  An orc priest (D:3)
  An adder (D:2)
  2 dart slugs (D:2)
  2 orcs (D:3)
  4 ball pythons
  An endoplasm (D:4)
  4 goblins
  4 kobolds
  3 bats
  2 rats
24 creatures vanquished.

Vanquished Creatures (others)
  109 foxfires
  2 fungi (D:3)
  3 plants (D:3)
114 creatures vanquished.

Grand Total: 138 creatures vanquished

Notes
Turn   | Place    | Note
-------+----------+-------------------------------------------
     0 | D:1      | Psyclone the Deep Elf Fire Elementalist began the quest for
                  | the Orb.
     0 | D:1      | Reached XP level 1. HP: 10/10 MP: 6/6
    71 | D:2      | Reached skill level 1 in Ice Magic
    98 | D:2      | Identified a scroll of acquirement
    98 | D:2      | Acquired the amulet "Ryphett" {RegenMP rC- rN+++ Int+3}
   824 | D:2      | Reached XP level 2. HP: 15/15 MP: 8/8
   898 | D:2      | Found Weil's Book Boutique.
   922 | D:2      | Found a faded altar of an unknown god.
  1831 | D:3      | Reached XP level 3. HP: 19/19 MP: 9/9
  1835 | D:3      | Learned a level 3 spell: Frozen Ramparts
  1839 | D:3      | Learned a level 3 spell: Conjure Flame
  2174 | D:3      | You fall into a shaft and drop 1 floor!
  2216 | D:4      | Noticed Ijyb
  2226 | D:4      | Blown up by Ijyb

Illustrated notes

Levels and vault maps discovered:
D:1:      dpeg_arrival_lava_temple_mockup, layout_basic
D:2:      layout_loops_ring, shapermc_ecumenical_altar_starsandcircs,
          serial_shops, nicolae_shop_window_shopping
D:3:      layout_loops_ring, pdpol_wu_jian_five_deadly_venoms, corexii_shack,
          uniq_crazy_yiuf_cottage
D:4:      layout_basic, regret_index_temple_of_mockery, hangedman_ru_absence,
          lemuel_tele_altar, uniq_ijyb

Skill      XL: |  1  2 |
---------------+-------+-----
Ice Magic      | 2 3 |  3.3
Dodging        | |  2.4
Stealth        | |  2.4
Spellcasting   | |  3.5
Conjurations   | |  1.1
Fire Magic     | |  3.6

Action                   || total
-------------------------++-------
Melee: Staff             ||     2
       Short sword       ||     2
 Cast: Foxfire           ||    68
       Frozen Ramparts   ||     5
  Use: Scroll            ||     1
Armor: Robe              ||     1
Dodge: Dodged            ||     3
